 Dungeon Crawl Stone Soup version 0.29-a0-334-gb41bcbb86e (webtiles) character file.

Game seed: 13311791026586169877

343 zeratav the Insei (level 6, 0/41 HPs)
             Began as an Octopode Transmuter on Apr 14, 2022.
             Slain by an orc
             ... wielding a +0 short sword
              (2 damage)
             ... on level 4 of the Dungeon.
             The game lasted 00:07:54 (5257 turns).

zeratav the Insei (Octopode Transmuter)             Turns: 5257, Time: 00:07:54

Health: 0/41       AC:  1    Str: 15    XL:     6   Next: 57%
Magic:  9/9        EV: 14    Int: 16    God:
Gold:   208        SH:  0    Dex: 14    Spells: 5/9 levels left

rFire   + . .      SeeInvis .     - Unarmed
rCold   . . .      Faith    .   (no shield)
rNeg    . . .      Spirit   .   (helmet restricted)
rPois   +          Reflect  .   (no amulet)
rElec   .          Harm     .   g - ring of protection from fire
rCorr   .          Rampage  .   n - ring of poison resistance
Will    .....                   r - ring of poison resistance
Stlth   +++.......              t - +6 ring of strength
HPRegen 0.13/turn               (no ring)
MPRegen 0.11/turn               (no ring)
                                (no ring)
                                (no ring)

@: no status effects
A: almost no armour, amphibious, 8 rings, camouflage 1, gelatinous body 1,
(nimble swimmer 1), tentacles
a: no special abilities


You were on level 4 of the Dungeon.
You visited 1 branch of the dungeon, and saw 6 of its levels.

You collected 208 gold pieces.


Innate Abilities, Weirdness & Mutations

You cannot wear most types of armour.
You are amphibious.
You can wear up to eight rings at the same time.
Your skin changes colour to match your surroundings (Stealth+).
Your rubbery body absorbs attacks. (AC +1, EV +1)
((You are camouflaged when in or above water. (Stealth+)))
You have tentacles for arms and can constrict up to eight enemies at once.


   Skills:
 + Level 2.9 Fighting
 + Level 3.4 Dodging
 + Level 3.9 Stealth
 * Level 5.0 Unarmed Combat
 - Level 2.0 Spellcasting
 - Level 2.0 Transmutations


You had 5 spell levels left.
You knew the following spells:

 Your Spells              Type           Power      Damage    Failure   Level
a - Beastly Appendage     Tmut           16%        N/A       9%          1
b - Spider Form           Tmut/Pois      4%         N/A       38%         3

Your spell library contained the following spells:

 Spells                   Type           Power      Damage    Failure   Level
 Wereblood                Tmut           8%         N/A       14%         2
 Passwall                 Tmut/Erth      3%         N/A       21%         2
 Ensorcelled Hibernation  Hex/Ice        2%         N/A       30%         2
 Swiftness                Air            1%         N/A       52%         3
 Ice Form                 Ice/Tmut       4%         N/A       80%         4

Inventory:

Jewellery
 g - a ring of protection from fire (left tentacle)
   (You found it on level 1 of the Dungeon)
 n - a ring of poison resistance (right tentacle)
   (You found it on level 2 of the Dungeon)
 r - a ring of poison resistance (on tentacle)
   (You found it on level 3 of the Dungeon)
 t - a +6 ring of strength (on tentacle)
   (You found it on level 3 of the Dungeon)
Scrolls
 b - a scroll of magic mapping {unknown}
 i - a scroll of teleportation {unknown}
 j - 7 scrolls of identify {unknown}
 k - 2 scrolls of fog {unknown}
 o - a scroll of enchant armour {unknown}
 p - a scroll of holy word {unknown}
 u - a scroll of immolation {unknown}
 v - a scroll of noise {unknown}
Potions
 a - a potion of lignification {!q}
 c - 2 potions of attraction {unknown}
 d - a potion of might {unknown}
 e - a potion of cancellation {unknown}
 f - a potion of degeneration {unknown}
 h - a potion of resistance {unknown}
 l - a potion of heal wounds {unknown}
 m - a potion of flight {unknown}
 q - a potion of mutation {unknown}
 s - a potion of ambrosia {unknown}
 w - a potion of brilliance {unknown}

Dungeon Overview and Level Annotations

Branches:
Dungeon (6/15)
 Temple: D:4-7

Altars:

Annotations:
D:4 3 runed translucent doors, sokol815's ghost, amateur GrGl
D:5 Grinder, Prince Ribbit

###########.#........#.#
#####
.........##.#).......#..
..l..
.........##.#........###
#####
.........##.#...........
.........##.###.........
......o..##.# #.........
.......o.##.# #.........
.....oSo.##.# #.........
$......@o##.# #>........
.........##.# #.........
.........##.# #.........
.........##.# #.........
#######.###.# #.........
#.###.# #.........
#..##.# ###'######
##.##.# #. #.##'#### ##


You could see 2 orc priests, an orc wizard, an adder and 2 orcs.


Message History

MP[-1]
You lost 1 mp, and now have 8/9 mp.
Your transformation is almost over.
The kobold shouts!
The dart slug misses you.
You tentacle-slap the dart slug. You grab the dart slug.
You pierce the dart slug.
You constrict the dart slug. You tentacle-slap the dart slug.
You kill the dart slug!
You see here a dart slug corpse.
MP[+1]
Your mp is fully restored (9).
Your tentacle spike disappears.
You open the door.
There is an open door here.
A giant cockroach comes into view.
Found a stone staircase leading down.
Casting: Beastly Appendage (safe; 9% risk of failure)
Confirm with . or Enter, or press ? or * to list all spells.
One of your tentacles grows a vicious spike.
MP[-1]
You lost 1 mp, and now have 8/9 mp.
A hobgoblin comes into view.
The giant cockroach closely misses you.
You tentacle-slap the giant cockroach. You grab the giant cockroach.
You pierce the giant cockroach.
You squeeze the giant cockroach.
You kill the giant cockroach!
You see here a giant cockroach corpse.
Found an escape hatch in the ceiling.
You see here a scroll labelled LEYCOS LOGGA.
MP[+1]
Your mp is fully restored (9).
Your transformation is almost over.
You now have 208 gold pieces (gained 8).
You see here a scroll labelled LEYCOS LOGGA.
j - 7 scrolls labelled LEYCOS LOGGA (gained 1)
Casting: Beastly Appendage (safe; 9% risk of failure)
Confirm with . or Enter, or press ? or * to list all spells.
You miscast Beastly Appendage.
You are very lightly contaminated with residual magic.
Nothing appears to happen.
The hobgoblin shouts!
MP[-1]
You lost 1 mp, and now have 8/9 mp.
Your tentacle spike disappears.
The hobgoblin hits you.
HP[-1]
You take 1 damage, and now have 40/41 hp.
You barely miss the hobgoblin. You grab the hobgoblin.
You squeeze the hobgoblin.
You kill the hobgoblin!
There is a stone staircase leading down here.
You see here a hobgoblin corpse.
Your magical contamination has completely faded away.
HP[+1] MP[+1]
Your hp is fully restored (41).
Your mp is fully restored (9).
You open the door.
There is an open door here.
There is an open door here.
An orc priest comes into view. It is wielding a +1 dagger of venom.
An orc comes into view. It is wielding a +0 short sword.
An orc priest comes into view. It is wielding a +0 short sword.
An orc comes into view.
It is wielding a +0 trident and wearing a +2 leather armour of fire resistance.
An adder comes into view.
The adder moves out of view.
An orc wizard comes into view. It is wielding a +0 dagger.
The orc shouts! x2; The adder hisses angrily.
The orc wizard shouts!
You barely miss the orc priest.
The orc priest shouts!
You grab the orc priest. Your squeeze misses the orc priest.
You constrict the orc priest.
The orc priest invokes the aid of Beogh against you.
Beogh smites you!
The orc priest escapes!
HP[-8]
You take 8 damage, and now have 33/41 hp.
The orc hits you with a +0 short sword.
The orc priest hits you with a +1 dagger of venom.
HP[-4]
You take 4 damage, and now have 29/41 hp.
The orc priest mumbles some strange prayers to Beogh against you.
Beogh smites you!
* * * LOW HITPOINT WARNING * * *
HP[-15]
You take 15 damage, and now have 14/41 hp.
MASSIVE DAMAGE!! (PAUSE)
You tentacle-slap the orc priest. Your grab misses the orc priest.
Your squeeze misses the orc priest.
The orc hits you from afar with a +0 trident.
* * * LOW HITPOINT WARNING * * *
The orc priest closely misses you. The orc hits you with a +0 short sword!
* * * LOW HITPOINT WARNING * * *
HP[-12]
You take 12 damage, and now have 2/41 hp.
MASSIVE DAMAGE!! (PAUSE)
You closely miss the orc priest. You grab the orc priest.
You constrict the orc priest, but do no damage.
The orc completely misses you.
The orc priest looks braver for a moment.
The orc hits you with a +0 short sword.
You die...

Skill      XL: |  1  2  3  4  5  6 |
---------------+-------------------+-----
Stealth        | 1 2 3 |  3.9
Fighting       | 2 |  2.9
Unarmed Combat | 4 5 |  5.0
Dodging        | 3 |  3.4
Spellcasting   | |  2.0
Transmutations | |  2.0

Action                   |  1- 3 |  4- 6 || total
-------------------------+-------+-------++-------
Melee: Unarmed           |    75 |   114 ||   189
       Constrict         |    19 |    29 ||    48
       Tentacles         |    10 |    21 ||    31
       Kick              |    22 |    16 ||    38
       Punch             |     1 |     3 ||     4
 Cast: Beastly Appendage |    26 |    26 ||    52
       Spider Form       |       |     4 ||     4
 Stab: Sleeping          |     8 |    10 ||    18
Armor: Skin              |     2 |     8 ||    10
Dodge: Dodged            |    28 |    92 ||   120

Levels and vault maps discovered:
D:1:      lemuel_arrival_lava_pool, layout_rooms
D:2:      layout_loops_ring, ebering_ecumenical_altar_rust, minmay_pentomino_p4
D:3:      layout_basic, grunt_ministairs_6
D:4:      layout_basic, gammafunk_ghost_nasty_kobolds, uniq_robin
D:5:      layout_basic, water_maze_lemuel, uniq_prince_ribbit1, uniq_grinder
D:6:      layout_basic, minmay_temple_entry_mist, uniq_sigmund

Notes
Turn   | Place    | Note
-------+----------+-------------------------------------------
     0 | D:1      | zeratav the Octopode Transmuter began the quest for the
                  | Orb.
     0 | D:1      | Reached XP level 1. HP: 13/13 MP: 3/3
     0 | D:1      | magus.rc [v1.9.6]
    47 | D:1      | HP: 3/13 [hobgoblin (4)]
   335 | D:1      | Reached XP level 2. HP: 8/18 MP: 5/5
   342 | D:1      | HP: 2/18 [frozen (5)]
   344 | D:1      | Reached skill level 1 in Stealth
   618 | D:1      | You pick up a book of Burglary and begin reading...
   618 | D:1      | You add the spells Passwall, Ensorcelled Hibernation and
                  | Swiftness to your library.
  1098 | D:1      | Reached XP level 3. HP: 19/23 MP: 4/6
  1565 | D:2      | Found a faded altar of an unknown god.
  1999 | D:2      | Reached skill level 2 in Stealth
  1999 | D:2      | Reached XP level 4. HP: 25/29 MP: 5/7
  2395 | D:3      | Learned a level 3 spell: Spider Form
  2761 | D:3      | Reached skill level 2 in Fighting
  2761 | D:3      | Reached skill level 4 in Unarmed Combat
  2771 | D:3      | HP: 7/29 [adder (4)]
  2776 | D:3      | HP: 6/29 [adder (2)]
  3685 | D:3      | You fall into a shaft and drop 3 floors!
  3694 | D:5      | Entered Level 5 of the Dungeon
  3694 | D:5      | Noticed Prince Ribbit
  3694 | D:5      | Noticed Grinder
  3706 | D:4      | Noticed a wyvern
  3722 | D:4      | Noticed a necrophage
  3734 | D:4      | Noticed a necrophage
  3765 | D:4      | Killed a necrophage
  3766 | D:4      | Reached skill level 3 in Dodging
  3766 | D:4      | Reached skill level 3 in Stealth
  3766 | D:4      | Reached XP level 5. HP: 20/35 MP: 5/8
  4011 | D:4      | You pick up a book of Burglary and begin reading...
  4049 | D:4      | HP: 7/35 [bullfrog (8)]
  4050 | D:4      | HP: 3/35 [bullfrog (4)]
  4054 | D:4      | Reached XP level 6. HP: 4/41 MP: 4/9
  4716 | D:4      | Noticed Robin
  4736 | D:4      | Killed Robin
  4737 | D:4      | Reached skill level 5 in Unarmed Combat
  4738 | D:4      | HP: 8/41 [goblin/+0 dagger[Robin] (5)]
  5125 | D:4      | Found a runed translucent gate.
  5126 | D:4      | Found a runed translucent gate.
  5126 | D:4      | Found a runed translucent gate.
  5126 | D:4      | Noticed sokol815's ghost (amateur GrGl)
  5256 | D:4      | HP: 9/41 [orc/+0 trident (5)]
  5256 | D:4      | HP: 2/41 [orc/+0 short sword (7)]
  5257 | D:4      | Slain by an orc

Vanquished Creatures
  A bullfrog (D:4)
  A scorpion (D:4)
  A necrophage (D:4)
  Robin (D:4)
  5 adders
  2 dart slugs
  8 orcs (D:3)
  7 bats
  6 endoplasms
  6 giant cockroaches
  8 hobgoblins
  6 kobolds
  4 quokkas
  6 ball pythons
  2 frilled lizards
  16 goblins
  7 rats
87 creatures vanquished.

Table legend:
 A = Non-vault XP
 B = Vault XP
 C = Vault XP percentage of total XP
 D = Non-vault monster count
 E = Vault monster count
 F = Vault count percentage of total count
                 A         B        C        D         E       F
            +---------+---------+-------+---------+---------+-------
      Total |     447 |      44 |   9.0 |      70 |      17 |  19.5
            +---------+---------+-------+---------+---------+-------
        D:1 |      44 |       0 |   0.0 |      25 |       0 |   0.0
        D:2 |      39 |       6 |  13.3 |      11 |       4 |  26.7
        D:3 |      67 |       7 |   9.5 |      22 |       4 |  15.4
        D:4 |     297 |      31 |   9.5 |      12 |       9 |  42.9
            +---------+---------+-------+---------+---------+-------

Illustrated notes

Table legend:
 A = Kills in this place as a percentage of kills in entire the game.
 B = Kills by you in this place as a percentage of kills by you in the entire game.
 C = Kills by friends in this place as a percentage of kills by friends in the entire game.
 D = Other kills in this place as a percentage of other kills in the entire game.
 E = Experience gained in this place as a percentage of experience gained in the entire game.
 F = Experience gained in this place divided by the number of levels of this place that you have seen.
                   A       B       C       D       E      F
               +-------+-------+-------+-------+-------+----------------------
         Total | 100.0 | 100.0 |   N/A |   N/A | 100.0 |  81.8
       Dungeon | 100.0 | 100.0 |   N/A |   N/A | 100.0 |  81.8
               +-------+-------+-------+-------+-------+----------------------

Table legend: (Time is in decaauts)
 A = Elapsed time spent in this place.
 B = Non-inter-level travel time spent in this place.
 C = Inter-level travel time spent in this place.
 D = Time resting spent in this place.
 E = Time spent auto-exploring this place.
 F = Levels seen in this place.
 G = Mean time per level.
                   A        B        C        D        E       F      G
               +--------+--------+--------+--------+--------+-----+--------+
         Total |   5242 |   5099 |    143 |   1592 |   2617 |   6 |  873.7 |
       Dungeon |   5242 |   5099 |    143 |   1592 |   2617 |   6 |  873.7 |
               +--------+--------+--------+--------+--------+-----+--------+

Top non-repeatable levels by time:
     D:3: 1834 daAuts
     D:1: 1448 daAuts
     D:4: 1008 daAuts
     D:2: 930 daAuts
     D:5: 11 daAuts
     D:6: 8 daAuts
